 Dungeon Crawl Stone Soup version 0.25-a0-1002-gbcf8c60d55 (webtiles) character file.

Game seed: 8722658771483728681, levelgen mode: deterministic

161 Majang the Ruffian (level 5, -11/45 HPs)
             Began as a Naga Transmuter on May 11, 2020.
             Mangled by an ogre
             ... wielding a +0 giant club
              (29 damage)
             ... on level 6 of the Dungeon.
             The game lasted 00:12:50 (2488 turns).

Majang the Ruffian (Naga Transmuter)                Turns: 2488, Time: 00:12:50

Health: -11/45     AC:  8    Str: 13    XL:     5   Next: 42%
Magic:  8/8        EV: 10    Int: 14    God:
Gold:   147        SH:  0    Dex: 11    Spells: 1/9 levels left

rFire    . . .     SeeInvis +     - Unarmed
rCold    . . .     Gourm    .   (no shield)
rNeg     . . .     Faith    .   b - +0 robe
rPois    +         Spirit   .   m - +2 helmet
rElec    .         Reflect  .   j - +2 cloak
rCorr    .         Harm     .   (no gloves)
MR       .....                  (no barding)
Stlth    +.........             (no amulet)
HPRegen  0.15/turn              g - ring of wizardry
MPRegen  0.11/turn              (no ring)

@: very slow
A: large, see invisible, deformed body, poison resistance, slowness 2, slow
metabolism 1, spit poison 1, AC +1
a: Spit Poison


You were on level 6 of the Dungeon.
You were hungry.

You visited 1 branch of the dungeon, and saw 4 of its levels.

You collected 147 gold pieces.

Inventory:

Missiles
 a - 43 arrows
 c - 123 stones (quivered)
 p - 13 boomerangs
Armour
 b - a +0 robe (worn)
 j - a +2 cloak (worn)
 m - a +2 helmet (worn)
 r - a +0 ring mail
Jewellery
 g - a ring of wizardry (left hand)
Wands
 k - a wand of random effects (11)
Scrolls
 e - 3 scrolls of remove curse {unknown}
 n - a scroll of identify {unknown}
 o - a scroll of magic mapping {unknown}
 q - a scroll of fear {unknown}
Potions
 h - a potion of curing {unknown}
 i - a potion of berserk rage {unknown}
 l - a potion of might {unknown}
Comestibles
 d - 5 rations
 f - 2 chunks of flesh


   Skills:
 + Level 2.1 Fighting
 - Level 0.1 Armour
 - Level 1.6 Dodging
 * Level 4.0 Unarmed Combat
 + Level 2.6 Spellcasting
 * Level 3.5 Transmutations
 - Level 0.2 Evocations


You had one spell level left.
You knew the following spells:

 Your Spells              Type           Power        Failure   Level  Hunger
a - Beastly Appendage     Tmut           ##....       2%          1    #......
b - Sticks to Snakes      Tmut           ##......     3%          2    ###....
c - Blade Hands           Tmut           ##........   47%         5    ######.

Your spell library contained the following spells:

 Spells                   Type           Power        Failure   Level  Hunger
 Spider Form              Tmut/Pois      #.........   13%         3    ###....
 Ice Form                 Ice/Tmut       #.......     38%         4    #####..


Dungeon Overview and Level Annotations

Branches:
Dungeon (3/15)

Altars:
Trog


Innate Abilities, Weirdness & Mutations

You cannot wear boots.
Your serpentine skin is tough. (AC +1)
You have supernaturally acute eyesight. (SInv)
Armour fits poorly on your strangely shaped body.
Your system is resistant to poisons. (rPois)
You cover ground very slowly.
You have a slow metabolism.
You can spit poison.


Message History

The ogre is heavily wounded.
A jackal comes into view.
The jackal barks!
You hit the ogre.
The ogre is severely wounded.
The ogre hits you with a +0 giant club!
An iguana comes into view.
You barely miss the ogre.
The ogre is severely wounded.
The ogre closely misses you.
A jackal comes into view.
The jackal barks!
You hit the ogre.
The ogre is almost dead.
You have got your breath back.
You hear an angry hiss.
A leopard gecko comes into view.
The ogre hits you with a +0 giant club!!
Ouch! That really hurt!
You die...

######
#....#
##.)_.#
#>..O@#
#.......#
#..[......#
#.....h...#
#.........#
#.........#
#.....h...#
##...ll..##


You could see an ogre, an iguana, a leopard gecko and 2 jackals.

Vanquished Creatures
  Natasha (D:3)
  Robin (D:2)
  4 adders
  An ooze (D:2)
  A worm (D:2)
  4 dart slugs (D:1)
  A leopard gecko (D:1)
  4 orcs (D:3)
  2 ball pythons
  4 giant cockroaches
  8 hobgoblins
  2 jackals (D:1)
  A quokka (D:3)
  6 bats
  5 frilled lizards
  13 goblins
  7 kobolds
  9 rats
74 creatures vanquished.

Notes
Turn   | Place    | Note
-------+----------+-------------------------------------------
     0 | D:1      | Majang the Naga Transmuter began the quest for the Orb.
     0 | D:1      | Reached XP level 1. HP: 18/18 MP: 3/3
   162 | D:1      | Reached XP level 2. HP: 24/25 MP: 3/5
   610 | D:1      | Learned a level 2 spell: Sticks to Snakes
   983 | D:1      | Reached XP level 3. HP: 31/31 MP: 4/6
  1458 | D:2      | Reached XP level 4. HP: 39/39 MP: 7/7
  1595 | D:2      | Noticed Robin
  1605 | D:2      | Killed Robin
  2229 | D:3      | Reached XP level 5. HP: 45/45 MP: 8/8
  2240 | D:3      | Reached skill level 4 in Unarmed Combat
  2364 | D:3      | Learned a level 5 spell: Blade Hands
  2472 | D:3      | Noticed Natasha
  2477 | D:3      | Killed Natasha
  2480 | D:3      | You fall into a shaft and drop 3 floors!
  2480 | D:6      | Found a bloodstained altar of Trog.
  2481 | D:6      | Noticed an ogre
  2488 | D:6      | Mangled by an ogre

Illustrated notes

Levels and vault maps discovered:
D:1:      dpeg_arrival_solitude, layout_basic, minmay_pentomino_t4
D:2:      layout_basic, uniq_robin
D:3:      layout_loops_ring, uniq_natasha, uniq_terence
D:6:      layout_rooms, bloody_trog, minmay_temple_entry_junction, basic_altar

Skill      XL: |  1  2  3  4  5 |
---------------+----------------+-----
Transmutations | 3 |  3.5
Fighting       | 2 |  2.1
Unarmed Combat | 4 |  4.0
Armour         | |  0.1
Dodging        | |  1.6
Spellcasting   | |  2.6
Evocations     | |  0.2

Action                   |  1- 3 |  4- 6 || total
-------------------------+-------+-------++-------
Melee: Unarmed           |    77 |    74 ||   151
       Headbutt          |     7 |     3 ||    10
       Punch             |     1 |     1 ||     2
Throw: Stone             |     2 |       ||     2
 Cast: Beastly Appendage |    16 |     4 ||    20
 Abil: Spit Poison       |    19 |    26 ||    45
Evoke: Wand              |       |     3 ||     3
  Eat: Chunk             |     2 |     4 ||     6
Armor: Robe              |    12 |    18 ||    30
       Ring mail         |       |     6 ||     6
Dodge: Dodged            |    37 |    25 ||    62

Table legend:
 A = Non-vault XP
 B = Vault XP
 C = Vault XP percentage of total XP
 D = Non-vault monster count
 E = Vault monster count
 F = Vault count percentage of total count
                 A         B        C        D         E       F
            +---------+---------+-------+---------+---------+-------
      Total |     154 |      76 |  33.0 |      57 |      17 |  23.0
            +---------+---------+-------+---------+---------+-------
        D:1 |      43 |       4 |   8.5 |      21 |       3 |  12.5
        D:2 |      73 |      37 |  33.6 |      22 |      13 |  37.1
        D:3 |      38 |      35 |  47.9 |      14 |       1 |   6.7
            +---------+---------+-------+---------+---------+-------
